 Dungeon Crawl Stone Soup version 0.30.0-29-ga12c61a403 (webtiles) character file.

Game seed: 13564121625776031366

283 Graphine the Sneak (level 6, -2/41 HPs)
             Began as an Octopode Brigand on June 22, 2023.
             Slain by an orc wizard
             ... wielding a +0 dagger
              (4 damage)
             ... on level 2 of the Dungeon.
             The game lasted 00:03:37 (1351 turns).

Graphine the Sneak (Octopode Brigand)               Turns: 1351, Time: 00:03:38

Health: -2/41      AC:  1    Str: 10    XL:     6   Next: 28%
Magic:  2/8        EV: 14    Int: 14    God:
Gold:   67         SH:  0    Dex: 21    Spells: 6/7 levels left

rFire   . . .        a - +2 dagger
rCold   . . .        (no shield)
rNeg    . . .        (helmet restricted)
rPois   .            (no amulet)
rElec   .            d - +6 ring of dexterity
rCorr   .            (no ring)
SInv    .            (no ring)
Will    .....        (no ring)
Stlth   +++++        (no ring)
HPRegen 0.26/turn    (no ring)
MPRegen 0.11/turn    (no ring)
                     (no ring)

%: no passive effects
@: no status effects
A: almost no armour, amphibious, 8 rings, camouflage 1, gelatinous body 1,
(nimble swimmer 1), tentacles
a: no special abilities


You were on level 2 of the Dungeon.
You visited 1 branch of the dungeon, and saw 2 of its levels.

You collected 67 gold pieces.

Inventory:

Hand Weapons
 a - a +2 dagger (weapon)
Missiles
 b - 9 poisoned darts (quivered)
 c - 2 curare-tipped darts
 f - 4 atropa-tipped darts
Armour
 k - a +0 tower shield
Jewellery
 d - a +6 ring of dexterity (left tentacle)
 e - a ring of ice
Scrolls
 g - a scroll of teleportation {unknown}
 j - a scroll of fear {unknown}
Potions
 h - a potion of resistance
 i - a potion of curing {unknown}


   Skills:
 + Level 2.9 Fighting
 + Level 3.0 Short Blades
 - Level 2.0 Throwing
 + Level 2.3 Dodging
 * Level 7.1 Stealth
 + Level 1.4 Spellcasting
 * Level 2.3 Fire Magic


You had 6 spell levels left.
You knew the following spells:

 Your Spells              Type           Power      Damage    Failure   Level
a - Foxfire               Conj/Fire      16%        2x1d4     16%         1

Your spell library contained the following spells:

 Spells                   Type           Power      Damage    Failure   Level
 Scorch                   Fire           14%        2d6       14%         2
 Poisonous Vapours        Pois/Air       2%         N/A       36%         2
 Mephitic Cloud           Conj/Pois/Air  1%         N/A       58%         3
 Flame Wave               Conj/Fire      4%         2d5       83%         4
 Cause Fear               Hex            0%         N/A       94%         4
 Fireball                 Conj/Fire      2%         3d4       99%         5
 Freezing Cloud           Conj/Ice/Air   0%         6-21      100%        5
 Plasma Beam              Fire/Air       2%         2x1d13    100%        6
 Starburst                Conj/Fire      2%         6d3       100%        6
 Summon Cactus Giant      Summ           0%         N/A       100%        6
 Dragon Form              Tmut           0%         N/A       100%        7
 Dragon's Call            Summ           0%         N/A       100%        9


Dungeon Overview and Level Annotations

Branches:
Dungeon (2/15)

Altars:


Innate Abilities, Weirdness & Mutations

You cannot wear most types of armour.
You are amphibious.
You can wear up to eight rings at the same time.
Your skin changes colour to match your surroundings (Stealth+).
Your rubbery body absorbs attacks. (AC +1, EV +1)
((You are camouflaged when in or above water. (Stealth+)))
You have tentacles for arms and can constrict up to eight enemies at once.


Message History

Casting: Foxfire (safe; 16% risk of failure)
Confirm with . or Enter, or press ? or * to list all spells.
You conjure some foxfire!
The orc wizard mumbles some strange words.
The orc wizard flickers and vanishes!
Deactivating autopickup; reactivate with Ctrl-A.
The orc hits you with a +0 short sword.
You closely miss the orc. Your grab misses the orc.
The foxfire hits something.
The foxfire hits something but does no damage.
The orc hits you with a +0 short sword.
You hear some strange, mumbled words.
A magic dart appears from out of thin air!
The magic dart hits you!
* * * LOW HITPOINT WARNING * * *
Casting: Foxfire (safe; 16% risk of failure)
Confirm with . or Enter, or press ? or * to list all spells.
You conjure some foxfire!
Something hits you.
* * * LOW HITPOINT WARNING * * *
The orc hits you with a +0 short sword.
* * * LOW HITPOINT WARNING * * *
You hit the orc. Your grab misses the orc.
The orc is almost dead.
The foxfire hits something.
The foxfire hits the orc but does no damage.
The orc is almost dead.
Something hits you.
* * * LOW HITPOINT WARNING * * *
The orc barely misses you.
Okay, then.
Okay, then.
You hit the orc.
You kill the orc!
Something completely misses you.
You hit something. Something hits you.
* * * LOW HITPOINT WARNING * * *
You hit something. Something hits you.
* * * LOW HITPOINT WARNING * * *
You completely miss something. You squeeze something.
You closely miss something. Something hits you.
You die...

#.....##.# #. #
#.###....# #. .### ##.#
###..###. ... #..#
####..)#รท . #.#####.##
#........ ...
#.......####........
....#...##..............
......))................
..##.)@#...####........
#.{...####..........
#...### #.#........
#...# #.#........ #...#
....####### ##### ....
.... ..


There were no monsters in sight!

Vanquished Creatures
  Sigmund (D:2)
  An orc priest (D:2)
  Jessica (D:2)
  An adder (D:2)
  A worm (D:2)
  2 dart slugs (D:1)
  3 orcs (D:2)
  3 ball pythons
  4 endoplasms
  2 goblins (D:1)
  3 hobgoblins
  9 jackals
  2 quokkas
  8 bats
  3 frilled lizards
  A kobold (D:2)
  3 rats
48 creatures vanquished.

Vanquished Creatures (others)
  15 foxfires (D:2)
15 creatures vanquished.

Grand Total: 63 creatures vanquished

Notes
Turn   | Place    | Note
-------+----------+-------------------------------------------
     0 | D:1      | Graphine the Octopode Brigand began the quest for the Orb.
     0 | D:1      | Reached XP level 1. HP: 14/14 MP: 1/1
   142 | D:1      | Reached XP level 2. HP: 10/19 MP: 2/2
   524 | D:1      | Reached XP level 3. HP: 24/24 MP: 3/3
   756 | D:2      | Noticed Jessica
   801 | D:2      | Killed Jessica
   802 | D:2      | Reached skill level 6 in Stealth
   820 | D:2      | Noticed Sigmund
   829 | D:2      | Killed Sigmund
   830 | D:2      | Reached skill level 1 in Spellcasting
   830 | D:2      | Reached XP level 4. HP: 19/30 MP: 3/5
   830 | D:2      | Reached XP level 5. HP: 22/36 MP: 3/6
   965 | D:2      | Reached XP level 6. HP: 41/41 MP: 7/7
  1151 | D:2      | Reached skill level 7 in Stealth
  1330 | D:2      | Learned a level 1 spell: Foxfire
  1348 | D:2      | HP: 2/41 [something (4)]
  1351 | D:2      | Slain by an orc wizard

Illustrated notes

Levels and vault maps discovered:
D:1:      nicolae_arrival_memento_mori, layout_loops_ring
D:2:      layout_rooms, minivault_24, uniq_sigmund, uniq_jessica

Skill      XL: |  1  2  3  4  5  6 |
---------------+-------------------+-----
Stealth        | 6 7 |  7.1
Dodging        | 2 |  2.3
Spellcasting   | 1 |  1.4
Fire Magic     | 2 |  2.3
Short Blades   | 3 |  3.0
Fighting       | |  2.9
Throwing       | |  2.0

Action                     |  1- 3 |  4- 6 || total
---------------------------+-------+-------++-------
  Melee: Dagger            |    40 |    41 ||    81
         Constrict         |     8 |    10 ||    18
         Tentacles         |     6 |    12 ||    18
         Punch             |     1 |     2 ||     3
  Throw: Dart              |    16 |       ||    16
   Cast: Foxfire           |       |     8 ||     8
    Use: Scroll            |     3 |       ||     3
   Stab: Sleeping          |    11 |     3 ||    14
         Invisible         |     1 |       ||     1
         Distracted        |       |     1 ||     1
 Armour: Skin              |     4 |     2 ||     6
  Dodge: Dodged            |    20 |    22 ||    42
